 Dungeon Crawl Stone Soup version 0.30.0-18-gc0e69614cb (webtiles) character file.

Game seed: 10952765181719397762

1503 NimueX the Jinx (level 8, -4/43 HPs)
             Began as a Deep Elf Enchanter on May 23, 2023.
             Was a Follower of the Shining One.
             Killed from afar by a gargoyle (20 damage)
             ... with a stone arrow
             ... on level 6 of the Dungeon.
             The game lasted 02:06:10 (7374 turns).

NimueX the Jinx (Deep Elf Enchanter)                Turns: 7374, Time: 02:06:10

Health: -4/43      AC:  6    Str:  5    XL:     8   Next: 52%
Magic:  19/26      EV: 12    Int: 21    God:    the Shining One [*.....]
Gold:   260        SH:  0    Dex: 20    Spells: 9/17 levels left

rFire   . . .        b - +0 sling
rCold   . . .        (no shield)
rNeg    . . .        p - +0 leather armour of the Pit {Fly Dex+3}
rPois   .            o - +0 helmet
rElec   .            (no cloak)
rCorr   .            d - +1 pair of gloves
SInv    .            (no boots)
Will    .....        (no amulet)
Stlth   +            v - ring of magical power
HPRegen 0.27/turn    (no ring)
MPRegen 0.20/turn

%: no passive effects
@: confusing by touch, flying, glowing
A: no striking features
a: Renounce Religion, Divine Shield


You were on level 6 of the Dungeon.
You worshipped the Shining One.
The Shining One was aware of your devotion.
You visited 2 branches of the dungeon, and saw 7 of its levels.

You collected 260 gold pieces.

Inventory:

Hand Weapons
 a - a +5 dagger
 b - a +0 sling (weapon)
 w - a +2 heavy sling
Missiles
 e - a throwing net
 j - 6 javelins
Armour
 d - a +1 pair of gloves (worn)
 h - a +0 robe
 o - a +0 helmet (worn)
 p - the +0 leather armour of the Pit (worn) {Fly Dex+3}
   (You found it on level 2 of the Dungeon)

   Dex:       It affects your dexterity (+3).
   Fly:       It grants you flight.
Jewellery
 v - a ring of magical power (left hand)
Wands
 s - a wand of digging (5)
 u - a wand of flame (2)
 y - a wand of mindburst (6)
Scrolls
 i - a scroll of teleportation
 k - 3 scrolls of silence
 r - a scroll of blinking
Potions
 c - a potion of magic
 f - a potion of might {unknown}
 g - 2 potions of resistance
 l - a potion of cancellation {unknown}
 m - 4 potions of attraction
 n - 3 potions of curing
 q - 2 potions of flight {unknown}
 t - a potion of haste {unknown}
 x - a potion of degeneration {unknown}


   Skills:
 * Level 1.4 Fighting
 - Level 3.0 Short Blades
 - Level 9.0 Ranged Weapons
 + Level 3.2 Dodging
 - Level 4.0 Stealth
 - Level 5.0 Spellcasting
 - Level 9.0 Hexes


You had 9 spell levels left.
You knew the following spells:

 Your Spells              Type           Power      Damage    Failure   Level
a - Ensorcelled Hibernat  Hex/Ice        48%        N/A       4%          2
b - Confusing Touch       Hex            43%        N/A       1%          3
c - Tukima's Dance        Hex            43%        N/A       1%          3

Your spell library contained the following spells:

 Spells                   Type           Power      Damage    Failure   Level
 Dazzling Flash           Conj/Hex       48%        N/A       9%          3
 Blink                    Tloc           10%        N/A       26%         2
 Lesser Beckoning         Tloc           10%        N/A       26%         2
 Momentum Strike          Conj/Tloc      10%        3d8       26%         2
 Poisonous Vapours        Pois/Air       10%        N/A       26%         2
 Sublimation of Blood     Necr           5%         N/A       26%         2
 Wereblood                Tmut           5%         N/A       26%         2
 Mephitic Cloud           Conj/Pois/Air  5%         N/A       47%         3
 Volatile Blastmotes      Fire/Tloc      10%        2d10      47%         3
 Iskenderun's Mystic Bla  Conj/Tloc      5%         2d3       87%         4
 Freezing Cloud           Conj/Ice/Air   2%         6-21      99%         5
 Starburst                Conj/Fire      2%         6d3       100%        6
 Summon Hydra             Summ           2%         N/A       100%        7


Dungeon Overview and Level Annotations

Branches:
Dungeon (6/15)             Temple (1/1) D:5

Altars:
Ashenzari
Cheibriados
Dithmenos
Fedhas
Hepliaklqana
Kikubaaqudgha
Makhleb
Nemelex Xobeh
Okawaru
Qazlal
Ru
Sif Muna
Uskayaw
Vehumet
Wu Jian
Yredelemnul
Zin
The Shining One


Message History

Fire: b) +0 sling
Press: ? - help, Shift-Dir - straight line, f - gargoyle
Aim: a gargoyle (heavily damaged, confused, ally target, 87% to hit)
You shoot a sling bullet.
The sling bullet barely misses the gargoyle.
Your +1 flail of holy wrath hits the gargoyle.
Fire: b) +0 sling
Press: ? - help, Shift-Dir - straight line, p - gargoyle You shoot a sling bullet.
The sling bullet completely misses the gargoyle.
Fire: b) +0 sling
Press: ? - help, Shift-Dir - straight line, f - gargoyle
Aim: a gargoyle (heavily damaged, confused, ally target, 87% to hit)
You shoot a sling bullet.
The sling bullet hits the gargoyle but does no damage.
The gargoyle is heavily damaged.
Fire: b) +0 sling
Press: ? - help, Shift-Dir - straight line, f/p - gargoyle
Aim: a gargoyle (heavily damaged, confused, ally target, 87% to hit)
You shoot a sling bullet.
The sling bullet hits the gargoyle but does no damage.
The gargoyle is heavily damaged.
The gargoyle barely misses your +1 flail of holy wrath.
Your +1 flail of holy wrath hits the gargoyle but does no damage.
Fire: b) +0 sling
Press: ? - help, Shift-Dir - straight line, f/p - gargoyle
Aim: a gargoyle (heavily damaged, confused, ally target, 87% to hit)
You shoot a sling bullet.
The sling bullet hits the gargoyle but does no damage.
The gargoyle is heavily damaged.
The gargoyle seems less confused.
Casting: Tukima's Dance (safe; 1% risk of failure)
Confirm with . or Enter, or press ? or * to list all spells.
You don't know that spell.
Casting: Tukima's Dance (safe; 1% risk of failure)
Confirm with . or Enter, or press ? or * to list all spells.
Your hands begin to glow red.
The gargoyle hurls a stone arrow at you.
The stone arrow hits you!!
You die...

##...<.#.######...######
##..#..#.#.............#
....#..................
.......#.#.............
##.###.#.######...####
#.......# #...# #####.###
#...## #.# #....# # ######.#
#.@#.#####.# ......)#
##9(........
###############.......##..
#.......##.#.#.#.#
#†#........#.#.#.###
#.#.###.#..#.......###
#.#.....#..#..........
###.#..#...........#.##!.
####...#..##.#........#.....


You could see a gargoyle (ally target) and a friendly +1 flail of holy wrath.

Vanquished Creatures
  A water moccasin (D:6)
  3 black bears
  2 ogres
  A gnoll sergeant (D:5)
  4 scorpions
  A howler monkey (D:6)
  3 hounds
  2 orc priests (D:5)
  2 sleepcaps
  4 iguanas
  An orc wizard (D:5)
  2 gnolls
  7 adders
  2 white imps
  A worm (D:2)
  2 dart slugs (D:2)
  10 orcs
  8 endoplasms
  5 giant cockroaches
  11 goblins
  9 hobgoblins
  6 jackals
  2 quokkas
  14 ball pythons
  7 bats
  2 frilled lizards (D:1)
  10 kobolds
  4 rats
  A spectral orc (D:3)
127 creatures vanquished.

Vanquished Creatures (collateral kills)
  A wight (D:6)
  4 gnolls
  5 orcs
  An endoplasm (D:4)
  A goblin (D:4)
  A jackal (D:5)
13 creatures vanquished.

Vanquished Creatures (others)
  2 dancing weapons
2 creatures vanquished.

Grand Total: 142 creatures vanquished

Notes
Turn   | Place    | Note
-------+----------+-------------------------------------------
     0 | D:1      | NimueX the Deep Elf Enchanter began the quest for the Orb.
     0 | D:1      | Reached XP level 1. HP: 10/10 MP: 6/6
   291 | D:1      | Reached XP level 2. HP: 12/16 MP: 8/8
   294 | D:1      | Learned a level 2 spell: Ensorcelled Hibernation
   926 | D:1      | Reached XP level 3. HP: 20/20 MP: 9/9
   951 | D:1      | Learned a level 3 spell: Confusing Touch
   955 | D:1      | Learned a level 3 spell: Tukima's Dance
  2063 | D:2      | Found a faded altar of an unknown god.
  2254 | D:2      | Reached skill level 5 in Hexes
  2254 | D:2      | Reached XP level 4. HP: 24/24 MP: 5/11
  2414 | D:2      | Identified the +0 leather armour of the Pit {Fly Dex+3}
  2688 | D:3      | Found a glowing golden altar of the Shining One.
  2695 | D:3      | Became a worshipper of the Shining One
  2862 | D:3      | Reached skill level 1 in Fighting
  2862 | D:3      | Reached skill level 1 in Ranged Weapons
  3293 | D:3      | Found a hazy altar of Hepliaklqana.
  3595 | D:3      | Reached XP level 5. HP: 27/29 MP: 4/13
  4071 | D:4      | Noticed an ogre
  4083 | D:3      | Killed an ogre
  4225 | D:4      | Noticed a black bear
  4361 | D:4      | Killed a black bear
  4362 | D:4      | Reached XP level 6. HP: 34/34 MP: 12/14
  4907 | D:4      | Reached XP level 7. HP: 33/38 MP: 14/16
  5014 | D:4      | Reached skill level 5 in Spellcasting
  5222 | D:4      | Reached skill level 5 in Ranged Weapons
  5467 | D:5      | Entered Level 5 of the Dungeon
  5532 | D:5      | Found a hide-covered altar of Uskayaw.
  5911 | D:5      | Found a staircase to the Ecumenical Temple.
  5917 | Temple   | Entered the Ecumenical Temple
  6004 | D:5      | Found a sacrificial altar of Ru.
  6259 | D:5      | Reached XP level 8. HP: 29/43 MP: 17/17
  6476 | D:5      | Reached * piety under the Shining One
  6922 | D:6      | Found an iron altar of Okawaru.
  7258 | D:6      | Noticed a gargoyle
  7374 | D:6      | Killed from afar by a gargoyle

Illustrated notes

Levels and vault maps discovered:
D:1:      shiori_shiawase, layout_basic, minmay_indecisive_spiral
D:2:      layout_basic, shapermc_ecumenical_altar_acropolis
D:3:      layout_basic, tso_altar, nicolae_hepliaklqana_monster_ancestors
D:4:      layout_rooms, minmay_misc_feat_enclosed
D:5:      layout_gridville, mainiacjoe_overflow_brackets, old_standard_altar,
          minmay_temple_entry_fiery, kennysheep_generic_room_3
D:6:      layout_loops_cross, okawaru_ov_weapons_minmay,
          minmay_fractal_squares_gapless_5
Temple:   nicolae_temple_god_jail

Skill      XL: |  1  2  3  4  5  6  7  8 |
---------------+-------------------------+-----
Stealth        | 4 |  4.0
Short Blades   | 2 3 |  3.0
Hexes          | 5 6 8 9 |  9.0
Fighting       | 1 |  1.4
Ranged Weapons | 1 3 4 7 9 |  9.0
Spellcasting   | 4 5 |  5.0
Dodging        | 3 |  3.2

Action                     |  1- 3 |  4- 6 |  7- 9 || total
---------------------------+-------+-------+-------++-------
  Melee: Dagger            |    74 |    74 |   134 ||   282
         Short sword       |       |    31 |     3 ||    34
         Punch             |       |     2 |     3 ||     5
   Fire: Sling             |    35 |    85 |   151 ||   271
  Throw: Dart              |     1 |       |       ||     1
         Stone             |     3 |       |       ||     3
         Javelin           |       |     1 |     1 ||     2
         Throwing net      |       |     1 |       ||     1
   Cast: Ensorcelled Hiber |    32 |     6 |     5 ||    43
         Confusing Touch   |     5 |    25 |    55 ||    85
         Tukima's Dance    |     1 |    14 |    20 ||    35
    Use: Potion            |     1 |       |       ||     1
         Scroll            |     6 |     4 |     4 ||    14
   Stab: Sleeping          |    22 |       |       ||    22
         Confused          |     1 |       |       ||     1
 Armour: Robe              |    18 |    27 |     9 ||    54
         Leather armour    |       |       |    23 ||    23
  Dodge: Dodged            |    39 |    92 |    75 ||   206
